 Dungeon Crawl Stone Soup version 0.20-a0-859-g4680a50 (webtiles) character file.

2359 Foodle the Basher (level 9, -6/78 HPs)
             Began as a Minotaur Fighter on Mar 11, 2017.
             Was a Follower of the Shining One.
             Mangled by Guenter's ghost (14 damage)
             ... on level 7 of the Dungeon on Mar 12, 2017.
             The game lasted 00:35:02 (4296 turns).

Foodle the Basher (Minotaur Fighter)                Turns: 4296, Time: 00:35:02

Health: -6/78      AC: 19    Str: 22    XL:     9   Next: 20%
Magic:  8/8        EV:  8    Int:  2    God:    the Shining One [*.....]
Gold:   259        SH: 11    Dex: 12    Spells: 8/8 levels left

rFire    . . .     SeeInvis .   n - +2 mace (protect)
rCold    . . .     Gourm    .   x - +0 chain mail
rNeg     + . .     Faith    .   c - +0 shield
rPois    .         Spirit   .   (helmet restricted)
rElec    .         Reflect  .   (no cloak)
rCorr    .         Harm     .   (no gloves)
MR       .....                  w - +0 pair of boots (curse)
Stlth    ..........             d - amulet of magic regeneration
Regen    0.3/turn               b - ring of positive energy
MPRegen  0.2/turn               o - -3 ring of intelligence (curse)

@: protection aura, glowing
A: retaliatory headbutt, horns 2
a: Renounce Religion


You were on level 7 of the Dungeon.
You worshipped the Shining One.
The Shining One was aware of your devotion.
You were not hungry.

You visited 1 branch of the dungeon, and saw 7 of its levels.

You collected 259 gold pieces.

Inventory:

Hand Weapons
 i - a +0 whip of electrocution
 n - a +2 mace of protection (weapon)
Missiles
 m - 7 javelins (quivered)
Armour
 c - a +0 shield (worn)
 w - a cursed +0 pair of boots (worn)
 x - a +0 chain mail (worn)
Jewellery
 b - a ring of positive energy (right hand)
 d - an amulet of magic regeneration (around neck)
 o - a cursed -3 ring of intelligence (left hand)
Scrolls
 a - 2 scrolls of torment {unknown}
 g - 7 scrolls of teleportation
 h - 2 scrolls of recharging
Potions
 e - 4 potions of curing
 f - 2 potions of lignification {unknown}
 j - 3 potions of degeneration
 k - 4 potions of resistance
 l - 2 potions of flight
 p - a potion of magic
 q - a potion of ambrosia
 t - a potion of mutation {unknown}
 u - a potion of invisibility
Comestibles
 r - a bread ration


   Skills:
 + Level 6.9 Fighting
 + Level 9.1 Maces & Flails
 + Level 7.4 Armour
 + Level 3.3 Dodging
 + Level 7.9 Shields


You had 8 spell levels left.
You didn't know any spells.

Dungeon Overview and Level Annotations

Branches:
Dungeon (7/15)
 Temple: D:4-7

Altars:
Ashenzari
Dithmenos
Trog
Uskayaw
Zin
The Shining One

Annotations:
D:7 Guenter's ghost, novice FoFi


Innate Abilities, Weirdness & Mutations

You reflexively headbutt those who attack you in melee.
You have a pair of horns on your head.


Message History

Guenter's ghost is almost destroyed.
You block Guenter's ghost's attack.
You thump Guenter's ghost!
You headbutt Guenter's ghost, but do no damage.
Guenter's ghost is almost destroyed.
You block Guenter's ghost's attack.
You hit Guenter's ghost but do no damage.
You headbutt Guenter's ghost, but do no damage.
Guenter's ghost is almost destroyed.
Guenter's ghost hits you!
* * * LOW HITPOINT WARNING * * *
You barely miss Guenter's ghost.
You headbutt Guenter's ghost, but do no damage.
Guenter's ghost is almost destroyed.
Guenter's ghost hits you!
* * * LOW HITPOINT WARNING * * *
You hit Guenter's ghost but do no damage.
Guenter's ghost is almost destroyed.
Guenter's ghost hits you!
You die...

#########.##.##)
#..#.##. ## ##.#....
..###########....##.
#.#........##....##.
#.#.......^##....##.
#.#.....†.....|..##.
#.#)#........##....##.
#...W@.########....###
#...#### #....# ##..
###### .... .###. ..
#. # ##


You could see Guenter's ghost.

Vanquished Creatures
  The ghost of Devintownsend the Chopper, a novice MiFi (D:4)
  Prince Ribbit (D:5)
  Edmund (D:4)
  A sky beast (D:3)
  An ice beast (D:5)
  A phantom (D:7)
  2 eyes of draining (D:5)
  2 ogres
  A centaur (D:5)
  2 bullfrogs
  A gnoll sergeant (D:7)
  2 howler monkeys
  2 crimson imps (D:5)
  A quasit (D:6)
  2 hounds
  A jelly (D:6)
  An iguana (D:5)
  3 orc wizards (D:3)
  5 worker ants
  3 hound skeletons
  11 adders
  7 gnolls
  2 oozes
  An adder zombie (D:7)
  3 worms
  6 dart slugs
  7 leopard geckos
  9 orcs
  8 bats
  5 giant cockroaches
  9 hobgoblins
  6 jackals
  A quokka (D:3)
  3 ball pythons
  8 frilled lizards
  7 goblins
  9 kobolds
  A quokka skeleton (D:4)
  12 rats
149 creatures vanquished.

Notes
Turn   | Place    | Note
-------+----------+-------------------------------------------
     0 | D:1      | Foodle the Minotaur Fighter began the quest for the Orb.
     0 | D:1      | Reached XP level 1. HP: 19/19 MP: 0/0
    39 | D:1      | Reached XP level 2. HP: 27/27 MP: 1/1
   289 | D:1      | Reached XP level 3. HP: 21/33 MP: 2/2
   526 | D:2      | Reached skill level 3 in Maces & Flails
   829 | D:2      | Reached XP level 4. HP: 40/40 MP: 3/3
   957 | D:2      | Found a faded altar of an unknown god.
   988 | D:2      | Became a worshipper of Uskayaw the Reveler
   988 | D:2      | Reached * piety under Uskayaw
   998 | D:2      | Fell from the grace of Uskayaw
  1006 | D:2      | Found a glowing golden altar of the Shining One.
  1013 | D:2      | Became a worshipper of the Shining One
  1441 | D:3      | Reached skill level 1 in Dodging
  1441 | D:3      | Reached XP level 5. HP: 45/47 MP: 4/4
  1443 | D:3      | Reached skill level 4 in Maces & Flails
  1622 | D:3      | Noticed a sky beast
  1663 | D:3      | Killed a sky beast
  1663 | D:3      | Reached skill level 5 in Maces & Flails
  1663 | D:3      | Reached skill level 5 in Shields
  1663 | D:3      | Reached XP level 6. HP: 18/53 MP: 5/5
  2046 | D:4      | Noticed Devintownsend's ghost (novice MiFi)
  2079 | D:4      | Killed Devintownsend's ghost
  2079 | D:4      | Reached skill level 5 in Fighting
  2079 | D:4      | Reached skill level 5 in Armour
  2079 | D:4      | Reached XP level 7. HP: 24/61 MP: 6/6
  2100 | D:4      | Reached skill level 6 in Maces & Flails
  2383 | D:4      | Noticed Edmund
  2394 | D:4      | Killed Edmund
  2644 | D:4      | Reached XP level 8. HP: 61/69 MP: 7/7
  2651 | D:5      | Entered Level 5 of the Dungeon
  2735 | D:5      | Reached skill level 7 in Maces & Flails
  2886 | D:5      | Reached * piety under the Shining One
  2895 | D:5      | Paralysed by the fury of Uskayaw for 2 turns
  2969 | D:5      | Found a shattered altar of Ashenzari.
  2988 | D:5      | Noticed Prince Ribbit
  3072 | D:5      | Killed Prince Ribbit
  3196 | D:5      | Reached skill level 8 in Maces & Flails
  3197 | D:5      | Found a bloodstained altar of Trog.
  3587 | D:6      | Reached XP level 9. HP: 71/78 MP: 8/8
  3613 | D:6      | Found a glowing silver altar of Zin.
  3614 | D:6      | Found a shadowy altar of Dithmenos.
  4158 | D:7      | Reached skill level 9 in Maces & Flails
  4231 | D:7      | Noticed Guenter's ghost (novice FoFi)
  4296 | D:7      | Mangled by Guenter's ghost

Vault maps used:
D:1:      shiori_arrival_maze
D:2:      chequers_ecumenical_altar_simple, tso_altar
D:3:      st_stairs_13
D:4:      first_bread, amethyst_killhole, uniq_edmund
D:5:      trog_eyes_of_draining, kennysheep_mini, minmay_tree_intersection,
          grunt_ministairs_14, uniq_prince_ribbit1
D:6:      gammafunk_temple_overflow_pools
D:7:      minmay_temple_entry_butterflies

Skill      XL: |  1  2  3  4  5  6  7  8  9 |
---------------+----------------------------+-----
Armour         | 4 5 6 7 |  7.4
Shields        | 4 5 6 7 |  7.9
Fighting       | 4 5 6 |  6.9
Maces & Flails | 3 5 6 8 9 |  9.1
Dodging        | 1 2 3 |  3.3

Action                   |  1- 3 |  4- 6 |  7- 9 || total
-------------------------+-------+-------+-------++-------
Melee: Flail             |    11 |       |       ||    11
       Headbutt          |    15 |    18 |    47 ||    80
       Whip              |    81 |   125 |    22 ||   228
       Mace              |       |       |   262 ||   262
Invok: Renounce Religion |       |     1 |       ||     1
  Use: Scroll            |     5 |     3 |     8 ||    16
       Potion            |       |     2 |     3 ||     5
  Eat: Bread ration      |     1 |       |     2 ||     3
       Fruit             |       |       |     2 ||     2
Armor: Scale mail        |    44 |    29 |     7 ||    80
       Chain mail        |       |       |    83 ||    83
Dodge: Dodged            |    27 |    33 |    75 ||   135
Block: Shield            |    42 |    48 |   118 ||   208
